 Dungeon Crawl Stone Soup version 0.20-a0-214-gb74cb0e (webtiles) character file.

65 shmeve the Skirmisher (level 3, -5/49 HPs)
             Began as a Draconian Berserker on Nov 28, 2016.
             Was a Believer of Trog.
             Slain by an orc warrior
             ... wielding a +0 war axe
              (23 damage)
             ... on level 3 of the Dungeon.
             The game lasted 00:03:18 (1502 turns).

shmeve the Skirmisher (Draconian Berserker)         Turns: 1502, Time: 00:03:19

Health: -5/49      AC:  5    Str: 25    XL:     3   Next: 94%
Magic:  3/3        EV: 13    Int:  7    God:    Trog [**....]
Gold:   62         SH:  0    Dex: 10    Spells: 2/2 levels left

rFire  . . .     SeeInvis .     a - +0 hand axe
rCold  . . .     Gourm    .     (armour unavailable)
rNeg   . . .     Faith    .     (no shield)
rPois  .         Spirit   .     (helmet restricted)
rElec  .         Reflect  .     (no cloak)
rCorr  .         Harm     .     (no gloves)
MR     .....                    (no boots)
Stlth  ..........               (no amulet)
                                (no ring)
                                (no ring)

@: berserking, very quick
A: unfitting armour, cold-blooded, AC +5
a: Berserk, Trog's Hand, Burn Spellbooks, Renounce Religion


You were on level 3 of the Dungeon.
You worshipped Trog.
Trog was pleased with you.
You were very hungry.

You visited 1 branch of the dungeon, and saw 3 of its levels.

You collected 62 gold pieces.

Inventory:

Hand Weapons
 a - a +0 hand axe (weapon)
Scrolls
 c - 6 scrolls of identify {unknown}
 e - a scroll of blinking {unknown}
 f - a scroll of random uselessness {unknown}
 h - a scroll of recharging {unknown}
 j - a scroll of enchant weapon {unknown}
 k - a scroll of remove curse {unknown}
Potions
 g - a potion of flight {unknown}
 l - a potion of berserk rage {unknown}
 m - a potion of curing {unknown}
Comestibles
 b - 4 bread rations
 d - a meat ration
 i - 4 fruits
 n - a beef jerky


   Skills:
 * Level 3.8 Fighting
 * Level 3.5 Axes
 * Level 3.2 Dodging
 + Level 1.5 Stealth


You had 2 spell levels left.
You didn't know any spells.

Dungeon Overview and Level Annotations

Branches:
Dungeon (3/15)

Altars:
Cheibriados
Elyvilon
Gozag


Innate Abilities, Weirdness & Mutations

Your plain brown scales are hard. (AC +5)
You cannot fit into any form of body armour.
You are cold-blooded and may be slowed by cold attacks.


Message History

You barely miss the orc warrior.
Your tail-slap misses the orc warrior.
The orc warrior is heavily wounded.
You hit the orc. The orc warrior misses you.
You closely miss the orc warrior.
The orc warrior is heavily wounded.
You barely miss the orc. The orc barely misses you.
You closely miss the orc warrior.
The orc warrior is heavily wounded.
You closely miss the orc. The orc warrior barely misses you.
The orc closely misses you.
You barely miss the orc warrior. You tail-slap the orc warrior.
The orc warrior is severely wounded.
You closely miss the orc. You barely miss the orc warrior.
The orc warrior is severely wounded.
You slash the orc!
You kill the orc!
Trog accepts your kill.
The orc warrior hits you with a war axe!!
You die...

###############
.?............#####
.................
..............
#......#.#.###
#...##..@o...#
#......#))...#
#.#............#
##......#.#...$.#
.......<#.#.....#
........#.#.#####
..........#.#
....###.###.. ....
#..


You could see an orc warrior.

Vanquished Creatures
  2 adders (D:2)
  A worm (D:2)
  A dart slug (D:2)
  2 orcs (D:3)
  3 giant cockroaches
  6 goblins
  4 hobgoblins
  4 bats
  2 frilled lizards
  9 kobolds
  9 rats
43 creatures vanquished.

Vanquished Creatures (others)
  A bat (D:2)
1 creature vanquished.

Grand Total: 44 creatures vanquished

Notes
Turn   | Place    | Note
-------+----------+-------------------------------------------
     0 | D:1      | shmeve the Draconian Berserker began the quest for the Orb.
     0 | D:1      | Reached XP level 1. HP: 19/19 MP: 1/1
   268 | D:1      | Reached XP level 2. HP: 20/26 MP: 2/2
   811 | D:2      | Reached skill level 1 in Stealth
   811 | D:2      | Reached XP level 3. HP: 24/31 MP: 3/3
   814 | D:2      | Found a snail-covered altar of Cheibriados.
   845 | D:2      | Reached ** piety under Trog
   985 | D:2      | Found an opulent altar of Gozag.
  1236 | D:2      | Found a white marble altar of Elyvilon.
  1488 | D:3      | Noticed an orc warrior
  1502 | D:3      | Slain by an orc warrior

Vault maps used:
D:1:      mrwooster_arrival_statue_2, minmay_door_square
D:2:      elyvilon_altar_4, kennysheep_slug_shrine,
          nicolae_overflow_crystal_walls, first_bread
D:3:      nicolae_ru_sacrificial_ziggurat

Skill      XL: |  1  2 |
---------------+-------+-----
Dodging        | 3 |  3.2
Stealth        | 1 |  1.5
Fighting       | |  3.8
Axes           | |  3.5

Action                   || total
-------------------------++-------
Melee: Hand axe          ||   126
       Tailslap          ||    13
Invok: Berserk           ||     1
 Stab: Sleeping          ||     1
  Eat: Chunk             ||     2
Armor: Skin              ||    37
Dodge: Dodged            ||   105
